 Dungeon Crawl Stone Soup version 0.13-a0-1614-gd69a504 (webtiles) character file.

82588 Root the Phalangite (level 15, -3/116 HPs)
             Began as a Djinni Berserker on June 15, 2013.
             Was a High Priest of Trog.
             Splashed by a brown ugly thing's acid (13 damage)
             ... summoned by Kirke
             ... on Level 1 of the Spider Nest.
             The game lasted 01:19:01 (21465 turns).

Root the Phalangite (Djinni Berserker)             Turns: 21465, Time: 01:19:01

HP  -3/116       AC  0     Str 22      XL: 15   Next: 24%
MP   0/0         EV 14     Int  9      God: Trog [*****.]
Gold 1668        SH  0     Dex 13      Spells:  0 memorised, 14 levels left

Res.Fire  : + + +   See Invis. : .   z - melded +1,+3 bardiche (slay drac)
Res.Cold  : x . .   Warding    : .   K - melded +10 orc plate armour {ponderous}
Life Prot.: + + +   Conserve   : +   (shield currently unavailable)
Res.Poison: .       Res.Corr.  : .   g - melded +3 helmet "Oqeshuomn" {Str-1 Dex+2}
Res.Elec. : .       Clarity    : .   G - melded +0 cloak of Starlight {rElec rC+ EV+4 Stlt
Sust.Abil.: . .     Spirit.Shd : .   U - melded +2 pair of fencer's gloves {EV+3 Dex+3 Acc Res.Mut. : . Stasis : . (boots unavailable) Res.Rott. : . Flight : . v - amulet of conservation Saprovore : . . . h - melded ring of poison resistance E - melded ring of regeneration

@: pig-form, exhausted, quite poisoned, very slightly contaminated, slowed,
somewhat resistant to hostile enchantments, unstealthy
A: no striking features
a: Burn Spellbooks, Berserk, Trog's Hand, Brothers in Arms, Renounce Religion


You were on level 1 of the Spider Nest.
You worshipped Trog.
Trog was exalted by your worship.
You were not hungry.
You were a filthy swine.
You visited 3 branches of the dungeon, and saw 21 of its levels.
You visited the Abyss 1 time.
You also visited: Trove and Ice Cave.

You collected 1648 gold pieces.

Inventory:

Hand weapons
 c - a +0,+1 orcish trident
 z - a +1,+3 bardiche of dragon slaying (melded)
 B - a +1,+2 crossbow of flame
Missiles
 D - 18 bolts
Armour
 e - a +2 cap of cold resistance
 g - the +3 helmet "Oqeshuomn" (melded) {Str-1 Dex+2}
   (You found it in a treasure trove)

   It affects your strength (-1).
   It affects your dexterity (+2).
 t - the +5 scale mail of the Valley {Str+4}
   (You found it on level 9 of the Dungeon)

   It affects your strength (+4).
 y - the +2 pair of gloves "Biorgh" {rPois SInv}
   (You found it on level 5 of the Dungeon)

   It protects you from poison.
   It enhances your eyesight.
 G - the +0 cloak of Starlight (melded) {rElec rC+ EV+4 Stlth-}
   (You found it in a treasure trove)

   It affects your evasion (+4).
   It protects you from cold.
   It insulates you from electricity.
   It makes you much less stealthy.
 K - a +10 orcish plate armour of ponderousness (melded)
 S - a +2 cloak of preservation
 U - the +2 pair of fencer's gloves (melded) {EV+3 Dex+3 Acc+8}
   (You found it in a treasure trove)

   It affects your evasion (+3).
   It affects your dexterity (+3).
   It affects your accuracy (+8).
Magical devices
 u - a wand of teleportation (0)
 w - a wand of digging (6)
 x - a wand of lightning (4)
 C - a wand of disintegration (1)
 L - a wand of polymorph (15)
 O - a wand of enslavement (10)
 P - a wand of frost (19)
 Q - a wand of draining (4)
 X - a wand of fire (3)
Scrolls
 d - 3 scrolls of magic mapping
 i - 5 scrolls of blinking
 j - 6 scrolls of identify
 l - 4 scrolls of remove curse
 o - 6 scrolls of teleportation
 q - 2 scrolls of immolation
 H - 5 scrolls of fear
Jewellery
 h - a ring of poison resistance (melded)
 r - an uncursed amulet of warding
 v - an amulet of conservation (around neck)
 A - an uncursed ring of see invisible
 E - a ring of regeneration (melded)
 R - an uncursed ring of ice
Potions
 k - 3 potions of curing
 m - 6 potions of heal wounds
 s - a potion of speed
 J - 5 potions of restore abilities
 M - a potion of resistance


   Skills:
 - Level 10.2 Fighting
 + Level 24.3 Polearms
 - Level 10.1 Armour
 - Level 1.7 Dodging


You had 14 spell levels left.
You didn't know any spells.

Dungeon Overview and Level Annotations

Branches:
Dungeon (12/27)            Temple (0/1) D:4             Orc (0/4) D:9
   Lair (8/8) D:11         Shoals (0/5) Lair:4       Spider (1/5) Lair:4
  Slime (0/6) Lair:7

Altars:
Elyvilon
Fedhas
Nemelex Xobeh
Sif Muna
Trog
Vehumet
Xom
Zin
the Shining One
Jiyva

Shops:
D:5: ?

Annotations
Spider:1 Kirke


Message History

You feel as though you will be slow longer.
The hog misses you. The green very ugly thing punches you!
The brown ugly thing tail-slaps you!
You are splashed with acid!
The acid burns!
* * * LOW HITPOINT WARNING * * *
The green very ugly thing barely misses you.
Kirke closely misses you.
Read which item? (? for menu, Esc to quit)
Okay, then.
Use which ability? (? or * to list)
Your two-headed ogre goes berserk!
The hog closely misses you. The green very ugly thing punches you.
* * * LOW HITPOINT WARNING * * *
The green very ugly thing kicks you.
* * * LOW HITPOINT WARNING * * *
You are more poisoned.
The green very ugly thing poisons you! The brown ugly thing tail-slaps you!
* * * LOW HITPOINT WARNING * * *
You are splashed with acid!
The acid burns!
You die...

##.....#.......
#.............#.
##..##..........
#..#..#.......)
##..........^..
###...)..#....
##...#......
#%uu#(.....
##huh......
#@hO......
#..h...#...#
##.....# ..
##......
##(...... .#.#..
..... ....


You could see Kirke, 2 very ugly things, a brown ugly thing, 3 hogs and a
friendly two-headed ogre (berserk).

Vanquished Creatures
  A frost giant (IceCv)
  Louise (Spider:1)
  2 dire elephants (Lair:8)
  An ice dragon (Lair:6)
  4 hydras
  Fannar (Lair:3)
  A ravenous feature mimic (Lair:8)
  An anaconda (Lair:8)
  The ghost of 4tharraofdagon the Thaumaturge, a powerful DjFE of Vehumet (IceCv)
  A hill giant (D:10)
  An ice statue (IceCv)
  The ghost of Duskembrace the Cudgeler, an experienced DDBe of Trog (D:6)
  Pikel (D:4)
  An unseen horror (D:11)
  A hydra zombie (D:10)
  Joseph (D:7)
  2 wolf spiders
  3 griffons
  A cyclops (D:12)
  2 elephant slugs
  7 elephants
  4 black mambas
  An orange demon (D:7)
  12 spiny frogs
  A hill giant zombie (D:7)
  A hill giant skeleton (D:12)
  2 trolls
  7 komodo dragons
  18 polar bears
  The ghost of Fv001 the Shield-Bearer, an average LOFi (D:4)
  6 blink frogs (Lair:8)
  A basilisk (Lair:2)
  A wyvern (Lair:7)
  52 yaks
  A wraith (D:11)
  3 sharks (Lair:4)
  Eustachio (D:6)
  3 vampire mosquitoes (D:12)
  2 hungry ghosts
  3 hippogriffs
  A trapdoor spider (D:11)
  3 hogs (Spider:1)
  Edmund (D:7)
  A manticore (D:11)
  A steam dragon (D:10)
  7 war dogs (Lair:3)
  Menkaure (D:7)
  A small abomination (Abyss:1)
  A necrophage (D:9)
  A manticore zombie (D:8)
  2 fire drakes (Lair:8)
  6 sky beasts
  A yellow wasp (D:8)
  A cyclops skeleton (D:11)
  5 ice beasts
  2 phantoms
  A hippogriff zombie (D:6)
  5 giant goldfish (Lair:8)
  7 ogres
  3 orc warriors
  A yak skeleton (D:9)
  2 rotting devils (D:7)
  A big kobold (D:9)
  6 centaurs
  15 crocodiles
  Sigmund (D:7)
  Duvessa (D:4)
  14 wolves
  5 giant slugs
  12 water moccasins
  3 centaur zombies
  2 boring beetles
  14 giant frogs
  2 giant frog zombies
  5 agate snails
  A giant frog skeleton (D:5)
  3 eyes of draining
  5 killer bees (D:10)
  An ogre zombie (D:5)
  A sky beast zombie (D:8)
  4 goliath beetles
  10 hounds
  9 electric eels
  7 wights
  4 jellyfish
  3 big fish
  Dowan (D:4)
  A big kobold zombie (D:9)
  6 crimson imps
  2 scorpions (D:10)
  8 spiders (Lair:4)
  Crazy Yiuf (D:2)
  2 hound zombies
  5 orc priests
  A quasit (D:11)
  7 porcupines
  8 iguanas
  7 orc wizards
  3 worker ants
  A worker ant zombie (D:9)
  8 jellies
  20 adders
  3 giant centipedes
  2 giant mites
  25 green rats
  5 worms
  2 giant eyeballs
  A bat skeleton (D:3)
  7 giant geckos
  A gnoll skeleton (D:4)
  An ooze (D:3)
  30 orcs
  23 bats
  12 goblins
  14 hobgoblins
  18 jackals
  16 kobolds
  15 quokkas
  A ball python (D:1)
  3 giant cockroaches
  A giant gecko skeleton (D:5)
  A giant newt (D:1)
  A giant spore (D:12)
  A goblin zombie (D:5)
  A kobold skeleton (D:6)
  34 rats
  2 ballistomycetes (D:12)
  A fungus (D:2)
  7 plants
647 creatures vanquished.

Vanquished Creatures (collateral kills)
  2 dire elephants (Lair:8)
  A vault guard (D:10)
  A cyclops (D:12)
  3 vampire mosquitoes (D:12)
7 creatures vanquished.

Vanquished Creatures (others)
  A wizard (D:8)
  2 slaves (D:4)
  An ogre skeleton (D:4)
  A porcupine (Lair:3)
  2 adders
  An orc (D:5)
  A quokka (D:10)
  A rat (Lair:3)
  8 fungi
  6 plants
24 creatures vanquished.

Grand Total: 678 creatures vanquished

Notes
Turn   | Place    | Note
--------------------------------------------------------------
     0 | D:1      | Root, the Djinni Berserker, began the quest for the Orb.
     0 | D:1      | Reached XP level 1. HP: 16/16 MP: 0/0
   397 | D:1      | Found a sparkling altar of Nemelex Xobeh.
   456 | D:1      | Reached XP level 2. EP: 22/22
   472 | D:1      | Reached skill level 4 in Polearms
   496 | D:1      | Acquired Trog's second power
   746 | D:2      | Reached XP level 3. EP: 28/28
   963 | D:2      | Noticed Crazy Yiuf
   967 | D:2      | Killed Crazy Yiuf
   967 | D:2      | Reached skill level 5 in Polearms
   995 | D:2      | Reached XP level 4. EP: 35/35
  1452 | D:3      | Reached skill level 6 in Polearms
  1575 | D:3      | Found a glowing golden altar of the Shining One.
  1589 | D:3      | Acquired Trog's third power
  1693 | D:3      | Reached XP level 5. EP: 36/40
  1694 | D:3      | Found a blossoming altar of Fedhas.
  1848 | D:3      | Found a white marble altar of Elyvilon.
  1978 | D:3      | Gained mutation: Armour fits poorly on your strangely shaped body. [potion of mutation]
  1978 | D:3      | Gained mutation: You cover ground slowly. [potion of mutation]
  1978 | D:3      | Gained mutation: You are partially covered in large bone plates (AC +2, SH +2). [potion of mutation]
  2055 | D:4      | Noticed an ogre
  2108 | D:4      | Killed an ogre
  2108 | D:4      | Reached skill level 7 in Polearms
  2270 | D:4      | Noticed Duvessa
  2272 | D:4      | Noticed Dowan
  2293 | D:4      | Killed Duvessa
  2293 | D:4      | Reached XP level 6. EP: 47/47
  2295 | D:4      | Reached skill level 8 in Polearms
  2301 | D:4      | Killed Dowan
  2405 | D:4      | Noticed Pikel
  2407 | D:4      | Noticed a slave
  2417 | D:4      | Noticed a slave
  2418 | D:4      | Noticed a slave
  2419 | D:4      | Noticed a slave
  2428 | D:4      | Killed Pikel
  2428 | D:4      | Reached skill level 10 in Polearms
  2428 | D:4      | Reached XP level 7. EP: 53/53
  2453 | D:4      | Found a staircase to the Ecumenical Temple.
  2470 | D:4      | Killed a freed slave
  2550 | D:4      | Killed a freed slave
  2560 | D:4      | Found a shimmering altar of Xom.
  2745 | D:4      | Noticed Fv001's ghost (average LOFi)
  2766 | D:4      | Killed Fv001's ghost
  2766 | D:4      | Reached XP level 8. EP: 57/60
  2901 | D:5      | Entered Level 5 of the Dungeon
  3140 | D:5      | Reached skill level 11 in Polearms
  3283 | D:5      | Found a glowing silver altar of Zin.
  3594 | D:5      | Found Omefux's Magic Scroll Shoppe.
  3684 | D:5      | Got a pair of faintly humming gloves
  3688 | D:5      | Identified the +2 pair of gloves "Biorgh" {rPois SInv} (You found it on level 5 of the Dungeon)
  3863 | D:6      | Noticed Eustachio
  3869 | D:6      | Killed Eustachio
  4002 | D:6      | Paralysed by a giant eyeball for 2 turns
  4024 | D:6      | Paralysed by a giant eyeball for 4 turns
  4052 | D:6      | Noticed Duskembrace's ghost (experienced DDBe)
  4070 | D:6      | Killed Duskembrace's ghost
  4070 | D:6      | Reached skill level 12 in Polearms
  4070 | D:6      | Reached XP level 9. EP: 52/65
  4731 | D:7      | Noticed Edmund
  4742 | D:7      | Killed Edmund
  4801 | D:7      | Reached skill level 5 in Fighting
  5014 | D:7      | Noticed Menkaure
  5023 | D:7      | Killed Menkaure
  5193 | D:7      | Found a deep blue altar of Sif Muna.
  5314 | D:7      | Noticed Sigmund
  5322 | D:7      | Killed Sigmund
  5459 | D:7      | Noticed an orange demon
  5479 | D:7      | Killed an orange demon
  5479 | D:7      | Reached XP level 10. EP: 78/78
  5612 | D:7      | Noticed Joseph
  5625 | D:7      | Killed Joseph
  6689 | D:8      | Reached skill level 10 in Fighting
  6818 | D:8      | Found a bloodstained altar of Trog.
  6818 | D:8      | Noticed a wizard
  6824 | D:8      | Killed a wizard
  7160 | D:8      | Received a gift from Trog
  7347 | D:9      | Found a staircase to the Orcish Mines.
  7406 | D:9      | Reached skill level 5 in Armour
  7460 | D:9      | Paralysed by a potion of paralysis for 4 turns
  7517 | D:9      | Got an ancient scale mail
  7544 | D:9      | Identified the +5 scale mail of the Valley {Str+4} (You found it on level 9 of the Dungeon)
  7556 | D:9      | Found a radiant altar of Vehumet.
  7925 | D:10     | Entered Level 10 of the Dungeon
  8021 | D:10     | Found a white marble altar of Elyvilon.
  8089 | D:10     | Reached XP level 11. EP: 78/88
  8191 | D:10     | Noticed a vault guard
  8200 | D:10     | Killed a vault guard
  8210 | D:10     | Found a portal to a secret trove of treasure.
  8251 | D:10     | Noticed a hill giant
  8268 | D:10     | Killed a hill giant
  8765 | D:10     | Reached skill level 10 in Armour
  9135 | D:11     | Paralysed by a giant eyeball for 4 turns
  9164 | D:11     | Reached skill level 13 in Polearms
  9238 | D:11     | Found a staircase to the Lair.
  9463 | D:11     | Noticed an unseen horror
  9475 | D:11     | Killed an unseen horror
  9475 | D:11     | Reached skill level 14 in Polearms
  9695 | D:11     | Received a gift from Trog
 10067 | D:12     | Reached skill level 15 in Polearms
 10781 | Lair:1   | Entered Level 1 of the Lair of Beasts
 10925 | Lair:1   | Reached XP level 12. EP: 91/95
 10991 | Lair:1   | Lost mutation: You cover ground slowly. [potion of cure mutation]
 10991 | Lair:1   | Lost mutation: You are partially covered in large bone plates (AC +2, SH +2). [potion of cure mutation]
 10991 | Lair:1   | Lost mutation: Armour fits poorly on your strangely shaped body. [potion of cure mutation]
 11211 | Lair:1   | Reached skill level 16 in Polearms
 11591 | Lair:2   | Received a gift from Trog
 11592 | Lair:2   | Got an iridescent dire flail {god gift}
 12602 | Lair:2   | Reached skill level 17 in Polearms
 13819 | Lair:3   | Noticed Fannar
 13838 | Lair:3   | Killed Fannar
 13838 | Lair:3   | Reached skill level 18 in Polearms
 14070 | Lair:3   | Received a gift from Trog
 14575 | Trove    | Entered a treasure trove
 14603 | Trove    | Got a faintly humming helmet
 14618 | Trove    | Identified the +3 helmet "Oqeshuomn" {Str-1 Dex+2} (You found it in a treasure trove)
 14638 | Trove    | Got a pair of steaming gloves
 14648 | Trove    | Identified the +0 pair of gloves of Viokoaqu {Dex-2 Int+3} (You found it in a treasure trove)
 14662 | Trove    | Identified a +2 cloak of preservation (You found it in a treasure trove)
 15290 | Lair:4   | Found a hole to the Spider Nest.
 15339 | Lair:4   | Found a staircase to the Shoals.
 15350 | Lair:4   | Reached skill level 19 in Polearms
 16016 | Lair:5   | Found a glowing silver altar of Zin.
 16309 | Lair:5   | Received a gift from Trog
 16971 | Lair:5   | Reached XP level 13. EP: 102/102
 17516 | Lair:6   | Found a frozen archway.
 17517 | Lair:6   | Noticed an ice dragon
 17529 | Lair:6   | Killed an ice dragon
 17549 | IceCv    | Entered an ice cave
 17557 | IceCv    | Reached skill level 20 in Polearms
 17624 | IceCv    | Received a gift from Trog
 17707 | IceCv    | Reached skill level 21 in Polearms
 17707 | IceCv    | Reached XP level 14. EP: 103/109
 17741 | IceCv    | Noticed a frost giant
 17775 | IceCv    | Noticed 4tharraofdagon's ghost (powerful DjFE)
 17786 | IceCv    | Killed 4tharraofdagon's ghost
 17951 | IceCv    | Killed a frost giant
 18060 | IceCv    | Got a brightly glowing halberd
 18061 | IceCv    | Identified the halberd of the Maze {chop, rF++ Str+1} (You found it in an ice cave)
 18129 | IceCv    | Reached skill level 22 in Polearms
 19207 | Lair:7   | Found a viscous altar of Jiyva.
 19208 | Lair:7   | Found a staircase to the Slime Pits.
 19840 | Lair:8   | Entered Level 8 of the Lair of Beasts
 19846 | Lair:8   | Received a gift from Trog
 19900 | Lair:8   | Reached skill level 23 in Polearms
 20657 | Lair:8   | Reached XP level 15. EP: 116/116
 20879 | Lair:8   | Reached skill level 24 in Polearms
 20882 | Lair:8   | Received a gift from Trog
 20999 | Lair:8   | Got an ancient glass ring
 21004 | Lair:8   | Identified the cursed ring "Zutekk" {rPois rC+ Int-5 Acc-3} (You found it on level 8 of the Lair of Beasts)
 21329 | Spider:1 | Entered Level 1 of the Spider Nest
 21367 | Spider:1 | Noticed Louise
 21380 | Spider:1 | Cast into the Abyss (Louise)
 21437 | Spider:1 | Escaped the Abyss
 21447 | Spider:1 | Noticed Kirke
 21449 | Spider:1 | Killed Louise
 21465 | Spider:1 | Splashed by a brown ugly thing's acid

Action                   |  1- 3 |  4- 6 |  7- 9 | 10-12 | 13-15 || total
-------------------------+-------+-------+-------+-------+-------++-------
Melee: Spear             |   107 |   193 |   282 |       |       ||   582
       Trident           |       |       |   235 |   214 |    64 ||   513
       Halberd           |       |       |       |   343 |       ||   343
       Bardiche          |       |       |       |   675 |   560 ||  1235
       Unarmed           |       |       |       |       |     1 ||     1
Invok: Berserk           |     2 |     6 |    15 |    16 |    13 ||    52
       Burn Spellbooks   |       |     1 |     1 |     2 |       ||     4
       Brothers in Arms  |       |       |       |     2 |     2 ||     4
       Trog's Hand       |       |       |       |     1 |     2 ||     3
Evoke: Wand              |       |     4 |    15 |    33 |     2 ||    54
  Use: Scroll            |       |    13 |    14 |     8 |     5 ||    40
       Potion            |       |     4 |     8 |     4 |     2 ||    18
 Stab: Sleeping          |       |     1 |       |       |       ||     1
